 Dungeon Crawl Stone Soup version 0.30-a0-121-gb27577e5d9 (webtiles) character file.

Game seed: 10288152707407875752

106 Newt the Trooper (level 4, -4/37 HPs)
             Began as a Demonspawn Gladiator on Sept 14, 2022.
             Was a Believer of Lugonu.
             Slain by Sigmund
             ... wielding a +0 scythe
              (5 damage)
             ... on level 2 of the Dungeon.
             The game lasted 00:03:14 (2605 turns).

Newt the Trooper (Demonspawn Gladiator)             Turns: 2605, Time: 00:03:15

Health: -4/37      AC:  3    Str: 16    XL:     4   Next: 55%
Magic:  4/4        EV: 12    Int: 10    God:    Lugonu [**....]
Gold:   80         SH:  0    Dex: 14    Spells: 3/3 levels left

rFire   . . .      SeeInvis .    g - +5 sling (freeze)
rCold   . . .      Faith    .    (no shield)
rNeg    . . .      Spirit   .    b - +0 leather armour
rPois   .          Reflect  .    (helmet restricted)
rElec   .          Harm     .    (no cloak)
rCorr   .          Rampage  .    (no gloves)
Will    .....                    (no boots)
Stlth   ++........               (no amulet)
HPRegen 0.12/turn                (no ring)
MPRegen 0.09/turn                (no ring)

@: about to teleport
A: horns 1, sturdy frame 1
a: Renounce Religion, Depart the Abyss, Bend Space


You were on level 2 of the Dungeon.
You worshipped Lugonu.
Lugonu was pleased with you.
You visited 1 branch of the dungeon, and saw 2 of its levels.

You collected 80 gold pieces.

Inventory:

Hand Weapons
 a - a +0 rapier
 d - a +3 club
 g - a +5 sling of freezing (weapon)
 j - a +0 short sword of speed
Missiles
 e - a javelin
 h - 3 boomerangs
 w - a throwing net
Armour
 b - a +0 leather armour (worn)
 c - a +0 helmet
Jewellery
 f - a ring of magical power
 s - a +6 ring of strength
Scrolls
 i - a scroll of fog {unknown}
 n - a scroll of amnesia {unknown}
 o - a scroll of enchant armour {unknown}
 p - a scroll of identify {unknown}
 t - a scroll of fear {unknown}
 u - a scroll of noise {unknown}
Potions
 k - a potion of berserk rage {unknown}
 l - a potion of resistance {unknown}
 q - a potion of mutation {unknown}
 v - a potion of degeneration {unknown}


   Skills:
 - Level 4.0 Fighting
 - Level 2.6 Short Blades
 + Level 1.1 Ranged Weapons
 - Level 1.7 Throwing
 - Level 2.6 Dodging
 - Level 2.0 Stealth


You had 3 spell levels left.
You didn't know any spells.
Your spell library contained the following spells:

 Spells                   Type           Power      Damage    Failure   Level
 Apportation              Tloc           0%         N/A       36%         1
 Foxfire                  Conj/Fire      0%         2x1d4     36%         1
 Inner Flame              Hex/Fire       0%         N/A       75%         3
 Kindle Blastsparks       Fire/Tloc/Air  0%         2d10      75%         3
 Flame Wave               Conj/Fire      0%         2d4       98%         4
 Alistair's Intoxication  Tmut/Pois      0%         N/A       100%        5


Dungeon Overview and Level Annotations

Branches:
Dungeon (2/15)

Altars:
Lugonu

Annotations:
D:2 Sigmund


Innate Abilities, Weirdness & Mutations

You have a pair of small horns on your head.
Your movements are slightly less encumbered by armour. (ER -2)


Message History

Sigmund gestures at you while chanting. You resist with some effort.
You shoot a sling bullet.
Sigmund points at you and mumbles some strange words.
You are more confused.
You shoot a sling bullet.
Sigmund hits you from afar with a +0 scythe.
Unknown command.
You're too confused to move!
Unknown command.
You bump into the rock wall.
Sigmund hits you from afar with a +0 scythe.
You bump into the rock wall.
Sigmund closely misses you.
You bump into the rock wall.
Sigmund hits you from afar with a +0 scythe.
Sigmund casts a spell at you.
You are more confused.
Sigmund casts a spell at you. You resist with some effort.
Sigmund closely misses you. Sigmund casts a spell at you.
You resist with some effort.
Sigmund points at you and mumbles some strange words.
The puff of flame misses you.
Sigmund casts a spell.
Sigmund flickers and vanishes!
Deactivating autopickup; reactivate with Ctrl-A.
You feel less confused.
You are confused.
You're too confused to move!
Something hits you but does no damage. Something hits you.
You feel less confused.
You hear some strange, mumbled words.
A puff of flame appears from out of thin air!
The puff of flame hits you!
* * * LOW HITPOINT WARNING * * *
As you read the scroll of teleportation, it crumbles to dust.
You feel strangely unstable. Something hits you.
You die...

*#.#...####.........###
#.##.## ##.......## #.####
##.....## #.# ##...##
#####.##### ##'##
#.........# #.#
#.###..##.########.#
#.##.............#.## ###
#........@.{...#....####..
####.#.#..................
#.#.#.......#....####†.
#.#........##.#.## ##.
#.###..######.### ##
#.###..######.#
#.............#
###############


There were no monsters in sight!

Vanquished Creatures
  Natasha (D:2)
  Robin (D:2)
  2 adders (D:2)
  A worm (D:2)
  2 ball pythons
  5 endoplasms
  13 goblins (D:2)
  6 hobgoblins
  3 jackals (D:1)
  3 quokkas
  A frilled lizard (D:2)
  5 kobolds
  2 rats
45 creatures vanquished.

Notes
Turn   | Place    | Note
-------+----------+-------------------------------------------
     0 | D:1      | Newt the Demonspawn Gladiator began the quest for the Orb.
     0 | D:1      | Reached XP level 1. HP: 16/16 MP: 1/1
   121 | D:1      | Reached skill level 1 in Stealth
   584 | D:1      | Gained mutation: Your movements are slightly less
                  | encumbered by armour. (ER -2) [demonic ancestry]
   584 | D:1      | Reached XP level 2. HP: 20/22 MP: 2/2
   615 | D:1      | Found a faded altar of an unknown god.
   647 | D:1      | Prayed at the altar of an unknown god.
   647 | D:1      | Became a worshipper of Lugonu the Unformed
   647 | D:1      | Reached * piety under Lugonu
   647 | D:1      | Reached ** piety under Lugonu
  1310 | D:2      | Reached XP level 3. HP: 13/28 MP: 3/3
  1645 | D:2      | Reached skill level 3 in Fighting
  2067 | D:2      | Noticed Robin
  2159 | D:2      | Killed Robin
  2160 | D:2      | Gained mutation: You have a pair of small horns on your
                  | head. [demonic ancestry]
  2160 | D:2      | Reached XP level 4. HP: 24/37 MP: 4/4
  2395 | D:2      | Noticed Sigmund
  2400 | D:2      | Identified a scroll of acquirement
  2400 | D:2      | Acquired a +5 sling of freezing
  2440 | D:2      | Noticed Natasha
  2442 | D:2      | Killed Natasha
  2443 | D:2      | Reached skill level 4 in Fighting
  2443 | D:2      | Reached skill level 1 in Ranged Weapons
  2604 | D:2      | HP: 1/37 [something/puff of flame (14)]
  2605 | D:2      | Slain by Sigmund

Illustrated notes

Levels and vault maps discovered:
D:1:      nzn_arrival_crosshair, layout_basic,
          hellmonk_ecumenical_altar_lost_god, minmay_misc_feat_hallway
D:2:      layout_loops_corners, uniq_sigmund, uniq_robin, uniq_natasha

Skill      XL: |  1  2  3  4 |
---------------+-------------+-----
Stealth        | 1 2 |  2.0
Fighting       | 3 4 |  4.0
Ranged Weapons | 1 |  1.1
Short Blades   | |  2.6
Throwing       | |  1.7
Dodging        | |  2.6

Action                   |  1- 3 |  4- 6 || total
-------------------------+-------+-------++-------
Melee: Rapier            |    15 |       ||    15
       Short sword       |   186 |     4 ||   190
       Punch             |     3 |       ||     3
 Fire: Sling             |       |    23 ||    23
Throw: Throwing net      |     3 |       ||     3
  Use: Potion            |     1 |     1 ||     2
       Scroll            |       |     4 ||     4
 Stab: Sleeping          |     2 |       ||     2
Armor: Leather armour    |    43 |     3 ||    46
Dodge: Dodged            |   117 |     8 ||   125

Table legend: (Time is in decaauts)
 A = Elapsed time spent in this place.
 B = Non-inter-level travel time spent in this place.
 C = Inter-level travel time spent in this place.
 D = Time resting spent in this place.
 E = Time spent auto-exploring this place.
 F = Levels seen in this place.
 G = Mean time per level.
                   A        B        C        D        E       F      G
               +--------+--------+--------+--------+--------+-----+--------+
         Total |   2532 |   2519 |     13 |    380 |   1750 |   2 | 1266.0 |
       Dungeon |   2532 |   2519 |     13 |    380 |   1750 |   2 | 1266.0 |
               +--------+--------+--------+--------+--------+-----+--------+

Top non-repeatable levels by time:
     D:2: 1305 daAuts
     D:1: 1227 daAuts
